 Dungeon Crawl Stone Soup version 0.28.0-53-g5a82cb258f (webtiles) character file.

Game seed: 11219829211319485499

14382 Gabide the Fighter (level 12, -3/90 HPs)
             Began as a Human Monk on June 1, 2022.
             Was a High Priest of Hepliaklqana.
             Slain by a fire elemental (13 damage)
             ... summoned by a deep elf pyromancer
             ... on level 11 of the Dungeon.
             The game lasted 00:27:29 (15212 turns).

Gabide the Fighter (Human Monk)                    Turns: 15212, Time: 00:27:30

Health: -3/90      AC: 19    Str: 13    XL:     12   Next: 44%
Magic:  0/12       EV: 15    Int: 10    God:    Hepliaklqana [*****.]
Gold:   530        SH:  4    Dex: 20    Spells: 11/11 levels left

rFire   . . .      SeeInvis .   F - +4 broad axe (venom)
rCold   . . .      Faith    .   (no shield)
rNeg    . . .      Spirit   +   a - +1 scale mail {Will+}
rPois   +          Reflect  .   j - +0 helmet
rElec   .          Harm     .   G - +1 cloak {rPois}
rCorr   .          Rampage  .   n - +0 pair of gloves
Will    +....                   (no boots)
Stlth   +.........              s - amulet of guardian spirit
HPRegen 0.25/turn               C - ring of the Tortoise {AC+8}
MPRegen 0.13/turn               I - +4 ring of slaying

@: no status effects
A: reduced essence, large bone plates 1, poison resistance
a: Renounce Religion, Recall Ancestor, Ancestor Identity, Transference, Idealise


You were on level 11 of the Dungeon.
You worshipped Hepliaklqana.
Hepliaklqana was extremely pleased with you.
You visited 2 branches of the dungeon, and saw 12 of its levels.
You also visited: Bailey.

You collected 610 gold pieces.
You spent 80 gold pieces at shops.

Inventory:

Hand Weapons
 x - a +0 trident
 y - a +0 glaive
 F - a +4 broad axe of venom (weapon)
 K - a +4 spear
Missiles
 m - 25 poisoned darts (quivered)
 q - 4 silver javelins
 J - 6 javelins
Armour
 a - a +1 scale mail of willpower (worn)
 e - a +2 cloak
 j - a +0 helmet (worn)
 n - a +0 pair of gloves (worn)
 G - a +1 cloak of poison resistance (worn)
Jewellery
 s - an amulet of guardian spirit (around neck)
 C - the ring of the Tortoise (left hand) {AC+8}
   (You found it in a bailey)

   [ring of protection]

   AC:        It affects your AC (+8).
 I - a +4 ring of slaying (right hand)
Wands
 b - a wand of paralysis (5)
 p - a wand of polymorph (9)
 B - a wand of iceblast (11)
Scrolls
 d - a scroll of noise {unknown}
 f - a scroll of torment {unknown}
 h - a scroll of enchant weapon {unknown}
 i - a scroll of fear
 l - a scroll of vulnerability {unknown}
 t - a scroll of immolation {unknown}
 u - 3 scrolls of teleportation
 D - 2 scrolls of blinking {unknown}
Potions
 c - 4 potions of mutation
 g - 2 potions of flight
 k - 3 potions of cancellation
 r - 3 potions of curing
 v - a potion of attraction
 w - 7 potions of degeneration
 z - 3 potions of brilliance
 E - a potion of might
 H - 2 potions of magic
 L - a potion of haste {unknown}
Miscellaneous
 o - a tin of tremorstones (2/2)


   Skills:
 + Level 11.7 Fighting
 + Level 11.6 Polearms
 + Level 11.6 Dodging
 - Level 2.0 Stealth


You had 11 spell levels left.
You didn't know any spells.
Your spell library contained the following spells:

 Spells                   Type           Power      Damage    Failure   Level
 Animate Skeleton         Necr           0%         N/A       88%         1
 Pain                     Necr           0%         1d4       88%         1
 Sting                    Tmut/Pois      0%         1d3       88%         1
 Corpse Rot               Necr/Air       0%         N/A       96%         2
 Poisonous Vapours        Pois/Air       0%         N/A       96%         2
 Vampiric Draining        Necr           0%         2d6       99%         3
 Olgreb's Toxic Radiance  Pois           0%         N/A       100%        4


Dungeon Overview and Level Annotations

Branches:
Dungeon (11/15)            Temple (1/1) D:5            Lair (0/6) D:8
 Bailey (visited)
    Orc: D:9-12

Altars:
Ashenzari
Cheibriados
Dithmenos
Elyvilon
Fedhas
Gozag
Hepliaklqana
Kikubaaqudgha
Makhleb
Nemelex Xobeh
Okawaru
Qazlal
Ru
Sif Muna
Trog
Uskayaw
Wu Jian
Xom
Yredelemnul
Zin
The Shining One
Beogh

Shops:
D:2 (   D:6 (


Innate Abilities, Weirdness & Mutations

Your life essence is reduced to manifest your ancestor. (-10% HP)
You are partially covered in large bone plates. (SH +4)
Your system is resistant to poisons. (rPois)


Message History

The bolt of fire hits you!!
* * * LOW HITPOINT WARNING * * *
Select a target.
Press: ? - help, Dir - move target, f - deep elf pyromancer
Aim: a deep elf pyromancer, wielding a +0 short sword and wearing a +0 leather armour (heavily wounded, very poisoned)
The floor, spattered with blood.
The deep elf pyromancer swaps with Lwandle!
The manticore is drained by nostalgia.
The manticore closely misses you. The manticore claws you.
* * * LOW HITPOINT WARNING * * *
The manticore barely misses you.
Lwandle hits the manticore with a +0 flail!
The deep elf pyromancer hits you but does no damage.
You slash the manticore!
You kill the manticore!
You hit the deep elf pyromancer.
The deep elf pyromancer looks as sick as possible!
Lwandle closely misses the fire elemental.
The deep elf pyromancer casts a spell.
The deep elf pyromancer blinks!
The fire elemental hits you. The fire elemental burns you!
* * * LOW HITPOINT WARNING * * *
Okay, then.
Unknown command.
What are your orders? t - Shout!
Orders for allies: a - Attack new target. p - Attack previous target. r - Retreat! s - Stop attacking. g - Guard the area. f - Follow me.
Anything else - Cancel.
Gang up on whom?
Press: ? - help, Dir - move target, f/p - deep elf pyromancer
Aim: a deep elf pyromancer, wielding a +0 short sword and wearing a +0 leather armour (almost dead, extremely poisoned) Attack!
The fire elemental hits you. The fire elemental burns you!
* * * LOW HITPOINT WARNING * * *
As you read the scroll of fear, it crumbles to dust.
You assume a fearsome visage.
The fire elemental is unaffected.
The deep elf pyromancer looks frightened!
The fire elemental hits you. The fire elemental burns you!
You die...

...........###.†)..
.................###[..#
#.................#....#
................[.###.##
#.......................
............#.....#.....
........○°.##.....###...
.......E.## #...#####...
#.....§@.=###...# #....
.....R>...#.....####....
......e..........##..(..
...........####..##.....
..........###...........
........... #..#.#......
........^...##..###......
............#...###......
.................#.......


You could see the friendly Lwandle the knight, a deep elf pyromancer (fleeing,
extremely poisoned, ally target) and a fire elemental (summoned).

Vanquished Creatures
  A two-headed ogre (D:7)
  A death yak (D:7)
  2 manticores (D:11)
  A cyclops (D:11)
  A gargoyle (Bailey)
  A kobold demonologist (D:11)
  Grinder (D:5)
  A vampire (Bailey)
  13 yaks
  A human (D:7)
  5 ice beasts
  A black bear (D:6)
  A sky beast (D:5)
  An orc warrior (D:8)
  2 ogres
  6 centaurs
  2 kobold brigands
  4 scorpions
  2 water moccasin zombies (D:5)
  A water moccasin skeleton (D:5)
  10 killer bees
  5 wights (D:10)
  A howler monkey (D:9)
  3 wolf zombies (Bailey)
  5 centaur zombies
  Crazy Yiuf (D:3)
  3 orc priests
  2 iguanas
  Jessica (D:3)
  A bullfrog skeleton (D:4)
  2 orc wizards
  2 howler monkey zombies (D:9)
  Robin (D:2)
  6 gnolls
  4 adders
  4 worms
  An adder skeleton (D:5)
  22 orcs
  4 endoplasms
  2 giant cockroaches (D:1)
  13 goblins
  3 hobgoblins (D:2)
  3 jackals (D:1)
  2 quokkas
  4 ball pythons
  4 bats
  2 frilled lizards
  14 kobolds
  17 orc zombies (Bailey)
  8 rats
198 creatures vanquished.

Vanquished Creatures (collateral kills)
  Fannar (D:10)
  A two-headed ogre (D:10)
  Erica (D:8)
  2 vampires (Bailey)
  A shadow (D:10)
  8 yaks
  4 humans (D:7)
  A steam dragon (D:7)
  4 orc warriors
  A bullfrog (D:6)
  6 killer bees
  6 vampire bats (Bailey)
  2 wolf zombies (Bailey)
  A howler monkey (D:6)
  4 orc priests
  A centaur skeleton (D:6)
  An iguana (D:6)
  6 orc wizards
  3 orc zombies (Bailey)
  A white imp (D:8)
  An ufetubus (D:7)
  21 orcs
  A goblin (D:9)
  2 kobolds
80 creatures vanquished.

Vanquished Creatures (others)
  5 knights
5 creatures vanquished.

Grand Total: 283 creatures vanquished

Notes
Turn   | Place    | Note
-------+----------+-------------------------------------------
     0 | D:1      | Gabide the Human Monk began the quest for the Orb.
     0 | D:1      | Reached XP level 1. HP: 18/18 MP: 1/1
    24 | D:1      | Found a faded altar of an unknown god.
   388 | D:1      | Reached XP level 2. HP: 24/24 MP: 2/2
  1138 | D:2      | Reached XP level 3. HP: 29/29 MP: 3/3
  1378 | D:2      | Noticed Robin
  1665 | D:2      | Found Jinwas's Antique Weapon Shop.
  1767 | D:2      | Reached XP level 4. HP: 34/34 MP: 4/4
  1900 | D:2      | Killed Robin
  2816 | D:3      | Noticed Jessica
  2829 | D:3      | Killed Jessica
  2830 | D:3      | Reached XP level 5. HP: 17/42 MP: 5/5
  3294 | D:3      | Found a runed translucent door.
  3295 | D:3      | Noticed Crazy Yiuf
  3334 | D:3      | Killed Crazy Yiuf
  4127 | D:4      | Reached XP level 6. HP: 39/49 MP: 6/6
  4386 | D:5      | Entered Level 5 of the Dungeon
  5108 | D:5      | Noticed Grinder
  5120 | D:5      | Killed Grinder
  5121 | D:5      | Reached skill level 5 in Fighting
  5121 | D:5      | Reached skill level 5 in Polearms
  5121 | D:5      | Reached skill level 5 in Dodging
  5121 | D:5      | Reached XP level 7. HP: 56/56 MP: 7/7
  5207 | D:4      | Gained mutation: Your system is resistant to poisons.
                  | (rPois) [potion of mutation]
  5207 | D:4      | Gained mutation: You are partially covered in large bone
                  | plates. (SH +4) [potion of mutation]
  5710 | D:5      | Found a runed translucent door.
  5892 | D:4      | Reached XP level 8. HP: 12/64 MP: 8/8
  6360 | D:5      | Found a staircase to the Ecumenical Temple.
  7002 | Temple   | Entered the Ecumenical Temple
  7025 | Temple   | Became a worshipper of Hepliaklqana the Forgotten
  7025 | Temple   | Reached * piety under Hepliaklqana
  7025 | Temple   | Reached ** piety under Hepliaklqana
  7026 | Temple   | Remembered your ancestor Lwandle as a knight
  7474 | D:5      | Reached XP level 9. HP: 56/63 MP: 9/9
  8486 | D:6      | Found a glowing silver altar of Zin.
  8883 | D:6      | Found Miass's Antique Weapon Shop.
  8891 | D:6      | Bought a halberd for 80 gold pieces
  9077 | D:7      | Noticed a two-headed ogre
  9084 | D:7      | Killed a two-headed ogre
  9085 | D:7      | Reached XP level 10. HP: 72/72 MP: 10/10
  9307 | D:7      | Found a burning altar of Makhleb.
 10010 | D:8      | Noticed Erica
 10020 | D:8      | Killed Erica
 10033 | D:8      | Reached *** piety under Hepliaklqana
 10156 | D:8      | Found a staircase to the Lair.
 10181 | D:8      | Noticed a death yak
 10183 | D:8      | Noticed a death yak
 10185 | D:8      | Noticed a death yak
 10232 | D:7      | Killed a death yak
 10969 | D:8      | Reached XP level 11. HP: 46/81 MP: 4/11
 11308 | D:8      | Reached skill level 10 in Fighting
 11312 | D:8      | Reached skill level 10 in Polearms
 11312 | D:8      | Reached skill level 10 in Dodging
 11421 | D:8      | Found an ornate altar of the Wu Jian Council.
 12265 | D:9      | Found a flagged portal.
 12282 | Bailey   | Entered a bailey
 12844 | Bailey   | Found the ring of the Tortoise {AC+8}
 13280 | D:9      | Found a blossoming altar of Fedhas.
 13509 | D:10     | Entered Level 10 of the Dungeon
 13538 | D:10     | Reached **** piety under Hepliaklqana
 13567 | D:10     | Noticed a two-headed ogre
 13576 | D:10     | Killed a two-headed ogre
 13771 | D:10     | Found an ancient bone altar of Kikubaaqudgha.
 13979 | D:10     | Noticed Fannar
 13995 | D:10     | Killed Fannar
 13996 | D:10     | Reached XP level 12. HP: 78/90 MP: 8/12
 14920 | D:11     | Noticed a soul eater
 15081 | D:11     | Reached ***** piety under Hepliaklqana
 15212 | D:11     | Slain by a fire elemental

Illustrated notes

Levels and vault maps discovered:
D:1:      dpeg_arrival_rhombi, layout_loops_cross,
          chequers_ecumenical_altar_grove
D:2:      layout_loops_corners, serial_shops, nicolae_shop_hallway_stairs,
          uniq_robin
D:3:      layout_loops_cross, amcnicky_mini_corridor_feature,
          uniq_crazy_yiuf_cottage, uniq_jessica
D:4:      layout_basic, minmay_strange_pillars, small_statue_intersection,
          kennysheep_generic_room_5
D:5:      minmay_octagon_keep, layout_cave_pools, temple_doors_e,
          kennysheep_donut, lightli_church_of_beogh, uniq_grinder
D:6:      layout_loops_cross, nicolae_overflow_hidden_temple, serial_shops, shop
D:7:      layout_basic, nicolae_overflow_crystal_walls,
          nicolae_concentric_dashed_squares_mild, minmay_ruffians
D:8:      layout_rooms, nicolae_wu_jian_wuxing_cycle, dpeg_lair_monsters,
          uniq_erica
D:9:      layout_small_grid, fedhas_altar_4, enter_bailey_7
D:10:     layout_grid_maze, kiku_gazebo_garden_becter, grunt_ministairs_5,
          uniq_fannar
D:11:     layout_cave_pools, portal_ice_cave_entry_animals_and_master
Temple:   eino_temple_scatter_basement

Skill      XL: |  1  2  3  4  5  6  7  8  9 10 11 |
---------------+----------------------------------+-----
Fighting       | 4 5 6 8 9 11 | 11.7
Polearms       | 4 5 6 8 9 11 | 11.6
Dodging        | 4 5 6 8 9 11 | 11.6
Stealth        | |  2.0

Action                   |  1- 3 |  4- 6 |  7- 9 | 10-12 || total
-------------------------+-------+-------+-------+-------++-------
Melee: Spear             |   132 |   196 |   384 |       ||   712
       Punch             |     1 |     1 |     4 |     1 ||     7
       Halberd           |       |       |    12 |   263 ||   275
       Broad axe         |       |       |       |   107 ||   107
       Glaive            |       |       |       |    30 ||    30
Throw: Dart              |     2 |    23 |    37 |    22 ||    84
       Throwing net      |       |     1 |     2 |     6 ||     9
       Javelin           |       |       |       |     6 ||     6
Invok: Ancestor Life: Kn |       |       |     1 |       ||     1
       Ancestor Identity |       |       |     1 |       ||     1
       Recall Ancestor   |       |       |       |     4 ||     4
       Transference      |       |       |       |     1 ||     1
Evoke: Wand              |       |     6 |     1 |     9 ||    16
  Use: Scroll            |     2 |     3 |     1 |     5 ||    11
       Potion            |       |     1 |     7 |     3 ||    11
 Stab: Sleeping          |     6 |     5 |     1 |     1 ||    13
       Held in net/web   |       |     1 |       |     2 ||     3
       Invisible         |       |       |     1 |       ||     1
       Distracted        |       |       |     5 |     3 ||     8
       Paralysed         |       |       |       |     9 ||     9
Armor: Robe              |     5 |       |       |       ||     5
       Ring mail         |    24 |    44 |   107 |    27 ||   202
       Scale mail        |       |       |       |   107 ||   107
Dodge: Dodged            |    63 |    82 |   157 |   258 ||   560
Block: Other             |       |       |    42 |    81 ||   123
